 Dungeon Crawl Stone Soup version 0.20.0-8-g6b59dc7 (webtiles) character file.

270 Chiseanne the Magician (level 6, 42/42 HPs)
             Began as a Demonspawn Wizard on June 2, 2017.
             Was an Initiate of Vehumet.
             Quit the game on level 3 of the Dungeon.
             The game lasted 00:07:58 (4804 turns).

Chiseanne the Magician (Demonspawn Wizard)          Turns: 4804, Time: 00:07:58

Health: 42/42      AC:  9    Str:  7    XL:     6   Next: 1%
Magic:  13/13      EV: 12    Int: 24    God:    Vehumet [......]
Gold:   152        SH:  0    Dex: 12    Spells: 13/14 levels left

rFire    + . .     SeeInvis .   r - +0 spear
rCold    . . .     Gourm    .   (no shield)
rNeg     . . .     Faith    .   a - +0 robe
rPois    .         Spirit   .   t - +2 helmet {Int+3}
rElec    .         Reflect  .   q - +1 cloak
rCorr    .         Harm     .   v - +0 pair of gloves
MR       .....                  (no boots)
Stlth    ++........             (no amulet)
Regen    0.2/turn               y - ring of flight
MPRegen  0.2/turn               (no ring)

@: no status effects
A: talons 1, rugged brown scales 1, fire resistance 1
a: Renounce Religion, Evoke Flight


You were on level 3 of the Dungeon.
You worshipped Vehumet.
Vehumet was noncommittal.
You were not hungry.

You visited 2 branches of the dungeon, and saw 5 of its levels.

You collected 152 gold pieces.

Inventory:

Hand Weapons
 o - a +0 blowgun
 r - a +0 spear (weapon)
Missiles
 b - 163 stones (quivered)
 e - 99 sling bullets
 k - 7 silver javelins
 m - 48 arrows
 n - 34 poisoned needles
 p - 19 bolts
Armour
 a - a +0 robe (worn)
 g - a +2 helmet of see invisible
 q - a +1 cloak (worn)
 t - a +2 helmet of intelligence (worn)
 v - a +0 pair of gloves (worn)
Jewellery
 y - a ring of flight (left hand)
Scrolls
 l - a scroll of remove curse
 w - a scroll of blinking
Potions
 h - a potion of mutation {unknown}
 i - 2 potions of lignification {unknown}
 j - 3 potions of heal wounds
 x - 2 potions of invisibility {unknown}
Books
 c - a book of Minor Magic

   Spells                             Type                      Level
   a - Magic Dart                     Conjuration                  1
   b - Blink                          Translocation                2
   c - Call Imp                       Summoning                    2
   d - Slow                           Hexes                        2
   e - Conjure Flame                  Conjuration/Fire             3
   f - Mephitic Cloud                 Conjuration/Poison/Air       3
Comestibles
 d - 8 bread rations
 f - 4 meat rations


   Skills:
 - Level 1.7 Dodging
 - Level 1.7 Stealth
 * Level 4.8 Spellcasting
 * Level 4.3 Conjurations
   Level 1.0 Summonings
   Level 0.8 Translocations


You had 13 spell levels left.
You knew the following spells:

 Your Spells              Type           Power        Failure   Level  Hunger
a - Magic Dart            Conj           ####         1%          1    None


Dungeon Overview and Level Annotations

Branches:
Dungeon (4/15)             Temple (1/1) D:4

Altars:
Cheibriados
Dithmenos
Fedhas
Gozag
Nemelex Xobeh
Qazlal
Ru
Uskayaw
Vehumet

Annotations:
D:4 dricus's ghost, amateur GrGl


Innate Abilities, Weirdness & Mutations

You have sharp toenails.
You are partially covered in rugged brown scales. (AC +1, +3% HP)
Your flesh is heat resistant. (rF+)


Message History

You see here a glowing cloak.
q - a glowing cloak The goblin shouts!
You hear a shout!
Dricus's ghost hits you but does no damage.
There is an open door here.
A gnoll comes into view.
The gnoll shouts!
A goblin comes into view. It is wielding a dagger.
The goblin shouts!
There is a stone staircase leading up here.
Dricus's ghost closely misses you.
You climb upwards.
There is a stone staircase leading down here.
Wear which item? (? for menu, Esc to quit)
You start putting on your armour.
You continue putting on your glowing cloak. x4
You finish putting on your +1 cloak.
Drop what? 23/52 slots (_ for help) (? for menu, Esc to quit)
Okay, then.
Are you sure you want to abandon this character and quit the game? (Confirm with "yes".)

........)...................# #.
######'#######.#....#.#.....# ##
#.# #.##.#.#.#)....# #
#####.##### #........####### #
#...'.'...# #.##.#..## #
#.###.###.# #.##.#..##### # #.#
#.# #.# #....#......# #
##'###.###'###..###..###.########
.............'.>@....###.##>.....
##'###.###'###..###....#.......##
#.# #.# #.# #..# #.##.#.##.##.#
#.###.###.# #..# #.##<.....##.#
#...'^'...# #..# #......#####.#
#####.##### #.## ######.#####.#
#.# #.## #...<...#
######'#######..# #########
................##


There were no monsters in sight!

Vanquished Creatures
  A howler monkey (D:3)
  An iguana (D:4)
  A worker ant (D:4)
  Robin (D:3)
  A gnoll (D:4)
  5 adders
  2 oozes
  An adder skeleton (D:4)
  A dart slug (D:2)
  A leopard gecko (D:4)
  3 orcs (D:4)
  8 bats
  4 giant cockroaches
  22 goblins
  12 hobgoblins
  7 jackals
  8 kobolds
  A quokka (D:2)
  6 frilled lizards
  A leopard gecko skeleton (D:3)
  9 rats
96 creatures vanquished.

Notes
Turn   | Place    | Note
-------+----------+-------------------------------------------
     0 | D:1      | Chiseanne the Demonspawn Wizard began the quest for the Orb.
     0 | D:1      | Reached XP level 1. HP: 13/13 MP: 4/4
   797 | D:1      | Gained mutation: Your flesh is heat resistant. (rF+) [demonic ancestry]
   797 | D:1      | Reached XP level 2. HP: 17/19 MP: 0/6
  1802 | D:2      | Gained mutation: You are partially covered in rugged brown scales. (AC +1, +3% HP) [demonic ancestry]
  1802 | D:2      | Reached XP level 3. HP: 16/24 MP: 1/8
  2150 | D:2      | Found a shadowy altar of Dithmenos.
  2522 | D:2      | Gained mutation: You have sharp toenails. [demonic ancestry]
  2522 | D:2      | Reached XP level 4. HP: 30/30 MP: 3/9
  2715 | D:2      | Found a blossoming altar of Fedhas.
  2716 | D:2      | Found a hide-covered altar of Uskayaw.
  3315 | D:3      | Noticed Robin
  3519 | D:3      | Killed Robin
  3636 | D:3      | Reached XP level 5. HP: 21/36 MP: 1/11
  4296 | D:4      | Noticed dricus's ghost (amateur GrGl)
  4355 | D:4      | Found a staircase to the Ecumenical Temple.
  4368 | Temple   | Entered the Ecumenical Temple
  4410 | Temple   | Became a worshipper of Vehumet
  4693 | D:4      | Reached XP level 6. HP: 42/42 MP: 6/13
  4804 | D:3      | Quit the game

Skill      XL: |  1  2  3  4  5 |
---------------+----------------+-----
Conjurations   | 2 3 4 |  4.3
Spellcasting   | 4 |  4.8
Dodging        | |  1.7
Stealth        | |  1.7
Summonings     | |  1.0
Translocations | |  0.8

Action                   |  1- 3 |  4- 6 || total
-------------------------+-------+-------++-------
Melee: Unarmed           |    45 |       ||    45
       Dagger            |     3 |       ||     3
       Spear             |       |    17 ||    17
       Kick              |       |     1 ||     1
 Cast: Magic Dart        |   108 |   140 ||   248
  Use: Scroll            |     1 |     9 ||    10
  Eat: Chunk             |     5 |     7 ||    12
Armor: Robe              |    22 |    15 ||    37
Dodge: Dodged            |    36 |    31 ||    67
